SNL (28 & UNDER)
WEST VIRGINIA POWER @ KEY WEST BARRACUDAS
07/25/2030
 
TOP OF THE 1ST
West Virginia Power batting - Pitching for Key West Barracudas : RHP Chuck Davies
Pitching: RHP Chuck Davies
Batting: RHB Matt Tucker 0-0: Ground out 5-3 (Groundball, 56)
Batting: LHB Ángel Figueiedo 0-0: Called Strike
0-1: Ball
1-1: Swinging Strike
1-2: Foul Ball, location: 2F
1-2: Ball
2-2: Strikes out swinging
Batting: RHB Iván Romero 0-0: Ball
1-0: Ball
2-0: Foul Ball, location: 2F
2-1: Ball
3-1: Called Strike
3-2: SINGLE (Flyball, 89S)
Batting: RHB Joe Salas 0-0: Ground out 1-3 (Groundball, P)
Top of the 1st over - 0 runs, 1 hit, 0 errors, 1 left on base; West Virginia 0 - Key West 0
BOTTOM OF THE 1ST
Key West Barracudas batting - Pitching for West Virginia Power : RHP Chris Day
Pitching: RHP Chris Day
Batting: RHB Ramiro Javier 0-0: Called Strike
0-1: Swinging Strike
0-2: SINGLE (Groundball, 4D)
Batting: RHB Cris Lugo 0-0: Called Strike
0-1: Ball
1-1: Foul Ball, location: 2F
1-2: Ball
2-2: Ball
3-2: Fly out, F9 (Flyball, 9)
Batting: RHB Rob DeWitt 0-0: Ball
1-0: SINGLE (Groundball, 4D)
Ramiro Javier to second
Runner from 2nd tries for 3rd, SAFE, no throw
Batting: LHB Juan Lima 0-0: Ball
1-0: Called Strike
1-1: Foul Ball, location: 2F
Pickoff Throw to First - Error! E1
Ramiro Javier scores
Rob DeWitt to second
1-2: Ball
2-2: DOUBLE (Line Drive, 9LM)
Rob DeWitt scores
Batting: RHB Scotty Hicks 0-0: Ball
1-0: Ball
Passed Ball!
Juan Lima to third
2-0: Ball
3-0: Called Strike
3-1: Foul Ball, location: 2F
3-2: Base on Balls
Batting: LHB Howard White 0-0: Foul Ball, location: 2F
0-1: SINGLE (Line Drive, 34D)
Juan Lima scores
Scotty Hicks to second
Runner from 2nd tries for 3rd, SAFE, no throw
Batting: RHB Anastasio Zartuche 0-0: Foul Ball, location: 2F
0-1: Ball
1-1: DOUBLE (Flyball, 78XD)
Scotty Hicks scores
Howard White to third
Batting: LHB Mauro Díaz 0-0: Ball
1-0: Ground out 1-3 (Groundball, 13)
Batting: SHB Eric Pimentel 0-0: Ball
1-0: Ball
2-0: Called Strike
2-1: Swinging Strike
2-2: Ground out 6-3 (Groundball, 6M)
Bottom of the 1st over - 4 runs, 5 hits, 1 error, 2 left on base; West Virginia 0 - Key West 4
TOP OF THE 2ND
West Virginia Power batting - Pitching for Key West Barracudas : RHP Chuck Davies
Batting: RHB Joaquín Vásquez 0-0: Ground out 4-3 (Groundball, 34)
Batting: RHB Millard Walker 0-0: Ball
1-0: Foul Ball, location: 2F
1-1: Ground out 3-1 (Groundball, 34)
Batting: RHB Luis Árias 0-0: Ball
1-0: Ball
2-0: Called Strike
2-1: Ground out 4-3 (Groundball, 4M)
Top of the 2nd over - 0 runs, 0 hits, 0 errors, 0 left on base; West Virginia 0 - Key West 4
BOTTOM OF THE 2ND
Key West Barracudas batting - Pitching for West Virginia Power : RHP Chris Day
Batting: RHB Ramiro Javier 0-0: Called Strike
0-1: Foul Ball, location: 2F
0-2: Ground out 4-3 (Groundball, 4M)
Batting: RHB Cris Lugo 0-0: Fly out, F7 (Line Drive, 7)
Batting: RHB Rob DeWitt 0-0: DOUBLE (Line Drive, 9LM)
Batting: LHB Juan Lima 0-0: Called Strike
0-1: Called Strike
0-2: Ball
1-2: Strikes out looking
Bottom of the 2nd over - 0 runs, 1 hit, 0 errors, 1 left on base; West Virginia 0 - Key West 4
TOP OF THE 3RD
West Virginia Power batting - Pitching for Key West Barracudas : RHP Chuck Davies
Batting: RHB Will Stafford 0-0: Ball
1-0: Foul Ball, location: 2F
1-1: Swinging Strike
1-2: Ball
2-2: Strikes out looking
Batting: RHB Roberto Chávez 0-0: Ball
1-0: Swinging Strike
1-1: SINGLE (Line Drive, 6M)
Batting: RHB Matt Tucker 0-0: Ball
1-0: Called Strike
1-1: 2-RUN HOME RUN (Flyball, 78XD), Distance : 394 ft
Batting: LHB Ángel Figueiedo 0-0: Ball
1-0: Ball
2-0: SINGLE (Groundball, 4MS) (infield hit)
Batting: RHB Iván Romero 0-0: Ball
1-0: Called Strike
1-1: Foul Ball, location: 2F
1-2: Ball
2-2: Ball
3-2: DOUBLE (Line Drive, 8LD)
Ángel Figueiedo to third
Batting: RHB Joe Salas 0-0: Called Strike
0-1: Ball
1-1: Ball
2-1: Foul Ball, location: 2F
2-2: Foul Ball, location: 2F
2-2: Ball
3-2: Strikes out looking
Batting: RHB Joaquín Vásquez 0-0: SINGLE (Groundball, 6D)
Ángel Figueiedo scores
Iván Romero to third
Runner from 3rd tries for Home, SAFE, throw made home
Batting: RHB Millard Walker 0-0: Ball
1-0: Called Strike
Throwing error on steal attempt, E2
Joaquín Vásquez to third
1-1: Called Strike
1-2: Ball
2-2: Ball
Wild Pitch!
Joaquín Vásquez scores
3-2: Ground out 4-3 (Groundball, 4D)
Top of the 3rd over - 5 runs, 5 hits, 1 error, 0 left on base; West Virginia 5 - Key West 4
BOTTOM OF THE 3RD
Key West Barracudas batting - Pitching for West Virginia Power : RHP Chris Day
Batting: RHB Scotty Hicks 0-0: Ball
1-0: Ball
2-0: Ball
3-0: Called Strike
3-1: SINGLE (Line Drive, 78S)
Batting: LHB Howard White 0-0: Called Strike
0-1: Ball
1-1: Ball
2-1: Ball
3-1: Grounds into double play, U6-3 (Groundball, 4MD)
Batting: RHB Anastasio Zartuche 0-0: Ball
1-0: Ball
2-0: Called Strike
2-1: Fly out, F7 (Flyball, 7D)
Bottom of the 3rd over - 0 runs, 1 hit, 0 errors, 0 left on base; West Virginia 5 - Key West 4
TOP OF THE 4TH
West Virginia Power batting - Pitching for Key West Barracudas : RHP Chuck Davies
Batting: RHB Luis Árias 0-0: Swinging Strike
0-1: Called Strike
0-2: Ground out 6-3 (Groundball, 56)
Batting: RHB Will Stafford 0-0: Swinging Strike
0-1: Ball
1-1: SINGLE (Groundball, 56) (infield hit)
Pinch Runner at 1st Nick Mackin:
Batting: RHB Roberto Chávez 0-0: Ball
1-0: Ball
2-0: Grounds into double play, 5-4-3 (Groundball, 5)
Top of the 4th over - 0 runs, 1 hit, 0 errors, 0 left on base; West Virginia 5 - Key West 4
BOTTOM OF THE 4TH
Key West Barracudas batting - Pitching for West Virginia Power : RHP Chris Day
Now at 2B: Nick Mackin
Batting: LHB Mauro Díaz 0-0: Ball
1-0: Ball
2-0: Ball
3-0: Called Strike
3-1: Base on Balls
Batting: SHB Eric Pimentel 0-0: Ball
1-0: Called Strike
1-1: Fielders Choice at 2nd, 4-6 (Groundball, 4)
Batting: RHB Ramiro Javier 0-0: Foul Ball, location: 2F
0-1: Fly out, F3 (Popup, 3F)
Batting: RHB Cris Lugo 0-0: Ball
1-0: Called Strike
1-1: Ball
2-1: Ground out 6-3 (Groundball, 56D)
Bottom of the 4th over - 0 runs, 0 hits, 0 errors, 1 left on base; West Virginia 5 - Key West 4
TOP OF THE 5TH
West Virginia Power batting - Pitching for Key West Barracudas : RHP Chuck Davies
Batting: RHB Matt Tucker 0-0: Called Strike
0-1: Foul Ball, location: 2F
0-2: Ground out 5-3 (Groundball, 56)
Batting: LHB Ángel Figueiedo 0-0: Called Strike
0-1: SINGLE (Groundball, 34S) (infield hit)
Batting: RHB Iván Romero 0-0: Called Strike
0-1: Fly out, F8 (Flyball, 8LM)
Batting: RHB Joe Salas 0-0: Called Strike
0-1: Ball
1-1: Foul Ball, location: 2F
1-2: Foul Ball, location: 2F
1-2: Fielders Choice at 2nd, 6-4 (Groundball, 6)
Top of the 5th over - 0 runs, 1 hit, 0 errors, 1 left on base; West Virginia 5 - Key West 4
BOTTOM OF THE 5TH
Key West Barracudas batting - Pitching for West Virginia Power : RHP Chris Day
Batting: RHB Rob DeWitt 0-0: Called Strike
0-1: Ball
1-1: SOLO HOME RUN (Flyball, 78XD), Distance : 401 ft
Batting: LHB Juan Lima 0-0: Ball
1-0: Swinging Strike
1-1: Called Strike
1-2: Foul Ball, location: 2F
1-2: SOLO HOME RUN (Flyball, 9LD), Distance : 368 ft
Batting: RHB Scotty Hicks 0-0: Called Strike
0-1: Ball
1-1: Ball
2-1: Ball
3-1: Base on Balls
Pitching: RHP Eric Murphy
Batting: LHB Howard White 0-0: Ball
1-0: Called Strike
1-1: Foul Ball, location: 2F
1-2: Ball
2-2: Foul Ball, location: 2F
2-2: SINGLE (Groundball, 3) (infield hit)
Scotty Hicks to second
Batting: RHB Anastasio Zartuche 0-0: Foul Ball, location: 2F
0-1: Ball
1-1: Swinging Strike
1-2: Ball
2-2: Strikes out swinging
Batting: LHB Mauro Díaz 0-0: Ball
1-0: Grounds out, U3 (Groundball, 3L)
Scotty Hicks to third
Batting: SHB Eric Pimentel 0-0: Ball
1-0: Ball
2-0: Ball
3-0: Called Strike
3-1: Base on Balls
Batting: RHB Ramiro Javier 0-0: Ball
1-0: Foul Ball, location: 2F
1-1: Ball
2-1: Fly out, F7 (Line Drive, 7S)
Bottom of the 5th over - 2 runs, 3 hits, 0 errors, 3 left on base; West Virginia 5 - Key West 6
TOP OF THE 6TH
West Virginia Power batting - Pitching for Key West Barracudas : RHP Chuck Davies
Batting: RHB Joaquín Vásquez 0-0: Ball
1-0: Foul Ball, location: 2F
1-1: Ground out 4-3 (Groundball, 4MD)
Batting: RHB Millard Walker 0-0: Swinging Strike
0-1: Ball
1-1: Called Strike
1-2: Foul Ball, location: 2F
1-2: Strikes out looking
Batting: RHB Luis Árias 0-0: Foul Ball, location: 2F
0-1: Ball
1-1: Ball
2-1: Ground out 5-3 (Groundball, 56S)
Top of the 6th over - 0 runs, 0 hits, 0 errors, 0 left on base; West Virginia 5 - Key West 6
BOTTOM OF THE 6TH
Key West Barracudas batting - Pitching for West Virginia Power : RHP Eric Murphy
Batting: RHB Cris Lugo 0-0: Ball
1-0: Called Strike
1-1: Foul Ball, location: 2F
1-2: Fly out, F8 (Flyball, 8RS)
Batting: RHB Rob DeWitt 0-0: Called Strike
0-1: Ball
1-1: Ball
2-1: Ball
3-1: Foul Ball, location: 2F
3-2: Ground out 6-3 (Groundball, 6)
Batting: LHB Juan Lima 0-0: Ball
1-0: Fly out, F3 (Line Drive, 3)
Bottom of the 6th over - 0 runs, 0 hits, 0 errors, 0 left on base; West Virginia 5 - Key West 6
TOP OF THE 7TH
West Virginia Power batting - Pitching for Key West Barracudas : RHP Chuck Davies
Pitching: RHP José Cuellar
Batting: RHB Nick Mackin 0-0: Ball
1-0: Foul Ball, location: 2F
1-1: Swinging Strike
1-2: Ball
2-2: Ball
3-2: Foul Ball, location: 2F
3-2: Base on Balls
Batting: RHB Roberto Chávez 0-0: Ball
1-0: Swinging Strike
1-1: Called Strike
1-2: Ball
2-2: Strikes out swinging
Batting: RHB Matt Tucker 0-0: Ball
Nick Mackin is caught stealing 2nd base
1-0: Swinging Strike
1-1: Called Strike
1-2: Strikes out looking
Top of the 7th over - 0 runs, 0 hits, 0 errors, 0 left on base; West Virginia 5 - Key West 6
BOTTOM OF THE 7TH
Key West Barracudas batting - Pitching for West Virginia Power : RHP Eric Murphy
Batting: RHB Scotty Hicks 0-0: Ball
1-0: Called Strike
1-1: Ball
2-1: Fly out, F8 (Flyball, 8LS)
Batting: LHB Howard White 0-0: Ball
1-0: Reached via error on a dropped throw, E3
Batting: RHB Anastasio Zartuche 0-0: Called Strike
0-1: Swinging Strike
0-2: Strikes out looking
Batting: LHB Mauro Díaz 0-0: Foul Ball, location: 2F
0-1: Ball
1-1: Swinging Strike
1-2: Ball
2-2: Ball
3-2: Base on Balls
Howard White to second
Batting: SHB Eric Pimentel 0-0: Swinging Strike
0-1: Ball
1-1: Called Strike
1-2: Strikes out swinging
Bottom of the 7th over - 0 runs, 0 hits, 1 error, 2 left on base; West Virginia 5 - Key West 6
TOP OF THE 8TH
West Virginia Power batting - Pitching for Key West Barracudas : RHP José Cuellar
Batting: LHB Ángel Figueiedo 0-0: Swinging Strike
0-1: Ball
1-1: SINGLE (Line Drive, 9LM)
Pinch Runner at 1st José Maldonado:
Batting: RHB Iván Romero 0-0: Ball
1-0: Ball
2-0: Foul Ball, location: 2F
2-1: Swinging Strike
2-2: Strikes out swinging
Batting: RHB Joe Salas 0-0: 2-RUN HOME RUN (Line Drive, 78XD), Distance : 400 ft
Batting: RHB Joaquín Vásquez 0-0: Ball
1-0: Swinging Strike
1-1: Foul Ball, location: 2F
1-2: Ball
2-2: Strikes out looking
Batting: RHB Millard Walker 0-0: Foul Ball, location: 2F
0-1: Foul Ball, location: 2F
0-2: Ball
1-2: Strikes out swinging
Top of the 8th over - 2 runs, 2 hits, 0 errors, 0 left on base; West Virginia 7 - Key West 6
BOTTOM OF THE 8TH
Key West Barracudas batting - Pitching for West Virginia Power : RHP Eric Murphy
Now at SS: José Maldonado
Batting: RHB Ramiro Javier 0-0: Called Strike
0-1: Called Strike
0-2: Ball
1-2: Ball
2-2: Fly out, F9 (Flyball, 9LM)
Batting: RHB Cris Lugo 0-0: Ball
1-0: Called Strike
1-1: Ground out 5-3 (Groundball, 56)
Batting: RHB Rob DeWitt 0-0: Called Strike
0-1: Ball
1-1: Swinging Strike
1-2: Ball
2-2: Foul Ball, location: 2F
2-2: Ball
3-2: Ground out 5-3 (Groundball, 5L)
Bottom of the 8th over - 0 runs, 0 hits, 0 errors, 0 left on base; West Virginia 7 - Key West 6
TOP OF THE 9TH
West Virginia Power batting - Pitching for Key West Barracudas : RHP José Cuellar
Batting: RHB Luis Árias 0-0: Called Strike
0-1: Swinging Strike
0-2: Strikes out swinging
Batting: RHB Nick Mackin 0-0: Ball
1-0: Called Strike
1-1: Ball
2-1: Ball
3-1: SINGLE (Flyball, 4D)
Pinch Hitting: RHB Luis Montoya 0-0: Called Strike
Nick Mackin steals 2nd base
0-1: Ball
1-1: Intentional Walk
Batting: RHB Matt Tucker 0-0: Ball
1-0: Ball
2-0: Ball
3-0: Called Strike
3-1: Foul Ball, location: 2F
3-2: Foul Ball, location: 2F
3-2: Base on Balls
Nick Mackin to third
Luis Montoya to second
Pinch Hitting: RHB Rafael Ortíz 0-0: Ball
1-0: Ball
2-0: Ball
3-0: Foul Ball, location: 2F
3-1: Base on Balls
Nick Mackin scores
Luis Montoya to third
Matt Tucker to second
Pitching: LHP Stanley Wise
Batting: RHB Iván Romero 0-0: Called Strike
0-1: Fly out, F8 (Flyball, 8RS)
Batting: RHB Joe Salas 0-0: Ball
1-0: Called Strike
1-1: Swinging Strike
1-2: Strikes out swinging
Top of the 9th over - 1 run, 1 hit, 0 errors, 3 left on base; West Virginia 8 - Key West 6
BOTTOM OF THE 9TH
Key West Barracudas batting - Pitching for West Virginia Power : RHP Eric Murphy
Pitching: RHP Tom Mobley
Now at C: Emory Brooks
Now at SS: Luis Montoya
Batting: LHB Juan Lima 0-0: Swinging Strike
0-1: Ground out 4-3 (Groundball, 34)
Batting: RHB Scotty Hicks 0-0: Ball
1-0: Ball
2-0: Foul Ball, location: 2F
2-1: Called Strike
2-2: Ball
3-2: Base on Balls
Batting: LHB Howard White 0-0: Called Strike
0-1: Ball
1-1: Ball
2-1: Foul Ball, location: 2F
2-2: Foul Ball, location: 2F
2-2: Fielders Choice at 2nd, 4-6 (Groundball, 4)
Batting: RHB Anastasio Zartuche 0-0: Ball
1-0: Foul Ball, location: 2F
1-1: Ball
2-1: Foul Ball, location: 2F
Balk!
Howard White to second
2-2: Ball
3-2: SINGLE (Line Drive, 5D)
Howard White to third
Howard White scores
Batting: LHB Mauro Díaz 0-0: Called Strike
0-1: Called Strike
0-2: Foul Ball, location: 2F
0-2: Ball
1-2: Strikes out swinging
Bottom of the 9th over - 1 run, 1 hit, 0 errors, 1 left on base; West Virginia 8 - Key West 7
Saturday, April 7th, 2018 - OOTP Baseball 18.8 Build 76